 Dungeon Crawl Stone Soup version 0.29.0-7-g18a832c13a (webtiles) character file.

Game seed: 14215895834987064916

149 Kahsius the Chopper (level 5, -2/48 HPs)
             Began as a Minotaur Berserker on Aug 30, 2022.
             Was a Priest of Trog.
             Killed from afar by an orc wizard (8 damage)
             ... with a magic dart
             ... on level 3 of the Dungeon.
             The game lasted 00:05:00 (2766 turns).

Kahsius the Chopper (Minotaur Berserker)            Turns: 2766, Time: 00:05:01

Health: -2/48      AC:  4    Str: 24    XL:     5   Next: 9%
Magic:  4/4        EV: 11    Int:  4    God:    Trog [***...]
Gold:   154        SH:  0    Dex:  9    Spells: 4/4 levels left

rFire   . . .      SeeInvis +   a - +0 hand axe
rCold   . . .      Faith    .   (no shield)
rNeg    . . .      Spirit   .   p - +0 leather armour
rPois   .          Reflect  .   (helmet restricted)
rElec   .          Harm     .   (no cloak)
rCorr   .          Rampage  .   (no gloves)
Will    .....                   o - +0 pair of boots
Stlth   +.........              (no amulet)
HPRegen 0.16/turn               k - ring of see invisible
MPRegen 0.09/turn               (no ring)

@: on berserk cooldown, slowed, very slow
A: horns 2, retaliatory headbutt
a: Renounce Religion, Berserk, Trog's Hand


You were on level 3 of the Dungeon.
You worshipped Trog.
Trog was most pleased with you.
You visited 1 branch of the dungeon, and saw 3 of its levels.

You collected 154 gold pieces.

Inventory:

Hand Weapons
 a - a +0 hand axe (weapon)
Armour
 b - a +0 animal skin
 o - a +0 pair of boots (worn)
 p - a +0 leather armour (worn)
Jewellery
 e - a ring of positive energy
 k - a ring of see invisible (left hand)
Scrolls
 d - 2 scrolls of immolation {unknown}
 f - 2 scrolls of identify {unknown}
 h - 2 scrolls of blinking {unknown}
 i - 2 scrolls of enchant armour {unknown}
 l - 2 scrolls of fog {unknown}
 m - a scroll of summoning {unknown}
 n - 2 scrolls of teleportation {unknown}
 q - a scroll of noise {unknown}
 s - a scroll of torment {unknown}
 v - a scroll of enchant weapon {unknown}
Potions
 c - a potion of haste {unknown}
 g - 3 potions of curing {unknown}
 j - a potion of flight {unknown}
 r - a potion of experience {unknown}
 t - a potion of heal wounds {unknown}
 u - a potion of ambrosia {unknown}


   Skills:
 + Level 5.5 Fighting
 + Level 5.6 Axes
 - Level 2.4 Armour
 - Level 2.1 Dodging


You had 4 spell levels left.
You didn't know any spells.
Your spell library was empty.

Dungeon Overview and Level Annotations

Branches:
Dungeon (3/15)

Altars:
Uskayaw


Innate Abilities, Weirdness & Mutations

You have a pair of horns on your head.
You reflexively headbutt those who attack you in melee.


Message History

You hear some strange, mumbled words.
A puff of flame appears from out of thin air!
The puff of flame hits you!
You hear some strange, mumbled words.
You are confused.
You miss something. Something hits you.
You miss something. Something hits you. Something hits you but does no damage.
You miss something. Something hits you.
You barely miss something. Something hits you. x2
You barely miss something.
You feel less confused. Something hits you but does no damage.
You closely miss something. Your headbutt misses something.
Something hits you but does no damage. Something hits you.
* * * LOW HITPOINT WARNING * * *
You hit something. Something hits you.
* * * LOW HITPOINT WARNING * * *
Something hits you.
* * * LOW HITPOINT WARNING * * *
Reactivating autopickup.
k - a ring of see invisible (left hand)
You barely miss the orc wizard.
The orc wizard is lightly wounded.
The orc wizard barely misses you. x2
You closely miss the orc wizard. You headbutt the orc wizard.
The orc wizard is moderately wounded.
The orc wizard hits you with a +0 club.
* * * LOW HITPOINT WARNING * * *
You miss the orc wizard. Your headbutt misses the orc wizard.
The orc wizard is moderately wounded.
The orc wizard closely misses you. The orc wizard hits you with a +0 club.
* * * LOW HITPOINT WARNING * * *
You closely miss the orc wizard.
The orc wizard is moderately wounded.
The orc wizard closely misses you.
You hit the orc wizard but do no damage.
The orc wizard is moderately wounded.
The orc wizard casts a spell at you. The magic dart hits you!
You die...

...............# #.
...............##. ##.
................. ###..
...............## ##....
...............# #####....#
#........)....####........#
##.....#............###..##
#########))####..[.##..###
#####@.......#.#..## #
#>...o..†.####...##
#.........## ##..#
#......##..# ##..#
##......###.## #..#
##..#.##.###..# #....
#..##.....).#.# ......
#####..............##..#
#.............## ..#


You could see an orc wizard (invisible).

Vanquished Creatures
  An iguana (D:3)
  2 adders
  A worm (D:2)
  3 dart slugs (D:2)
  8 orcs
  9 bats
  8 endoplasms
  3 giant cockroaches
  17 goblins
  5 hobgoblins
  5 kobolds
  2 quokkas
  7 ball pythons
  4 frilled lizards (D:1)
  7 rats
82 creatures vanquished.

Vanquished Creatures (others)
  A bat (D:3)
1 creature vanquished.

Grand Total: 83 creatures vanquished

Notes
Turn   | Place    | Note
-------+----------+-------------------------------------------
     0 | D:1      | Kahsius the Minotaur Berserker began the quest for the Orb.
     0 | D:1      | Reached XP level 1. HP: 19/19 MP: 0/0
    69 | D:1      | Found a faded altar of an unknown god.
   101 | D:1      | Reached XP level 2. HP: 25/27 MP: 1/1
   575 | D:1      | Reached XP level 3. HP: 34/34 MP: 2/2
   687 | D:1      | Reached ** piety under Trog
  1739 | D:2      | Reached XP level 4. HP: 41/41 MP: 3/3
  1840 | D:2      | Reached skill level 5 in Fighting
  1840 | D:2      | Reached skill level 5 in Axes
  2287 | D:3      | Found a hide-covered altar of Uskayaw.
  2329 | D:3      | Reached *** piety under Trog
  2621 | D:3      | Reached XP level 5. HP: 39/48 MP: 4/4
  2766 | D:3      | Killed from afar by an orc wizard

Illustrated notes

Levels and vault maps discovered:
D:1:      kennysheep_arrival_forest, layout_basic,
          shapermc_ecumenical_altar_mp_ritualfount, palyth_stone_intersect
D:2:      layout_rooms, minmay_stone_trees_large, minmay_goblin_kobold_house
D:3:      layout_rooms, yredelemnul_forgotten_temple_becter,
          mainiacjoe_overflow_alcove_1, lemuel_old_faithful

Skill      XL: |  1  2  3  4 |
---------------+-------------+-----
Fighting       | 4 5 |  5.5
Axes           | 4 5 |  5.6
Armour         | |  2.4
Dodging        | |  2.1

Action                   |  1- 3 |  4- 6 || total
-------------------------+-------+-------++-------
Melee: Hand axe          |    91 |    77 ||   168
       Headbutt          |    14 |     7 ||    21
       Punch             |     1 |     1 ||     2
Invok: Berserk           |       |     1 ||     1
 Stab: Sleeping          |     1 |       ||     1
Armor: Animal skin       |    25 |       ||    25
       Leather armour    |       |    23 ||    23
Dodge: Dodged            |    55 |    48 ||   103
